 Dungeon Crawl Stone Soup version 0.32-a0-747-gc8563f6773 (webtiles) character file.

Game seed: 13634023723070834446

12552 Fodor the Severer (level 11, -16/97 HPs)
             Began as a Minotaur Fighter on Mar 16, 2024.
             Was an Initiate of Gozag.
             Demolished by an orc knight
             ... wielding a +0 dire flail
             ... created by the fury of Okawaru
              (27 damage)
             ... on level 11 of the Dungeon on Mar 17, 2024.
             The game lasted 00:46:24 (9468 turns).

Fodor the Severer (Minotaur Fighter)                Turns: 9468, Time: 00:46:24

Health: -16/97     AC: 19    Str: 26    XL:     11   Next: 63%
Magic:  10/10      EV: 15    Int:  5    God:    Gozag
Gold:   783        SH:  0    Dex: 15    Spells: 10/10 levels left

rFire   . . .        a - +0 broad axe (heavy)
rCold   . . .        (no shield)
rNeg    . . .        b - +1 chain mail {Will+}
rPois   .            F - +0 hat
rElec   .            y - +0 cloak
rCorr   .            M - +1 pair of gloves
SInv    .            r - +2 pair of boots
Will    +....        (no amulet) Stlth
                     m - +5 ring of evasion
HPRegen 0.36/turn    k - +6 ring of dexterity
MPRegen 0.12/turn

%: no passive effects
@: hasted, very quick
A: horns 2, retaliatory headbutt
a: Renounce Religion, Potion Petition, Call Merchant, Bribe Branch


You were on level 11 of the Dungeon.
You worshipped Gozag.
Gozag was pleased with you.
You visited 2 branches of the dungeon, and saw 12 of its levels.
You also visited: Sewer.

You collected 958 gold pieces.
You spent 22 gold pieces at shops.
You paid 153 gold pieces to Gozag.

Inventory:

Hand Weapons
 a - a +0 heavy broad axe (weapon)
 R - a +0 battleaxe
 U - a +0 shortbow
Armour
 b - a +1 chain mail of willpower (worn)
 c - a +0 buckler
 r - a +2 pair of boots (worn)
 y - a +0 cloak (worn)
 F - a +0 hat (worn)
 M - a +1 pair of gloves (worn)
 O - a +0 robe
 S - a +0 plate armour
Jewellery
 j - a ring of see invisible
 k - a +6 ring of dexterity (right hand)
 m - a +5 ring of evasion (left hand)
 Q - a ring of resist corrosion
Talismans
 z - a blade talisman
 H - a maw talisman
Wands
 g - a wand of paralysis (6)
 C - a wand of acid (4)
 D - a wand of polymorph (9)
 J - a wand of flame (30)
Scrolls
 h - 2 scrolls of vulnerability
 n - 2 scrolls of noise
 o - 4 scrolls of fog
 p - 3 scrolls of teleportation
 q - 5 scrolls of fear
 v - a scroll of poison
 w - a scroll of immolation
 x - a scroll of revelation
 E - 2 scrolls of blinking
 I - a scroll of amnesia
 L - 3 scrolls of silence
 P - a scroll of brand weapon
Potions
 d - 4 potions of might
 e - 2 potions of cancellation
 f - a potion of enlightenment
 i - 3 potions of brilliance
 l - 4 potions of haste
 s - a potion of resistance
 u - 2 potions of ambrosia
 A - a potion of mutation {unknown}
 B - a potion of berserk rage {unknown}
 N - a potion of attraction {unknown}
Miscellaneous
 T - a condenser vane (inert)


   Skills:
 + Level 9.6 Fighting
 + Level 15.3 Axes
 + Level 9.8 Armour
 + Level 4.2 Dodging
 + Level 2.1 Stealth
 + Level 9.5 Shields
 + Level 0.1 Evocations


You had 10 spell levels left.
You didn't know any spells.
Your spell library contained the following spells:

 Spells                   Type           Power      Damage    Failure   Level
 Freeze                   Ice            0%         1d3       91%         1
 Shock                    Conj/Air       0%         1d3       91%         1
 Frozen Ramparts          Ice            0%         1d1       99%         3
 Hailstorm                Conj/Ice       0%         3d5       99%         3
 Ozocubu's Armour         Ice            0%         N/A       99%         3
 Swiftness                Air            0%         N/A       99%         3
 Airstrike                Air            0%         2d(0-16)  100%        4
 Metabolic Englaciation   Hex/Ice        0%         N/A       100%        5


Dungeon Overview and Level Annotations

Branches:
Dungeon (11/15)            Temple (1/1) D:4            Lair (0/5) D:11
    Orc (0/2) D:10          Sewer (visited)

Altars:
Ashenzari
Cheibriados
Dithmenos
Elyvilon
Fedhas
Gozag
Hepliaklqana
Kikubaaqudgha
Makhleb
Nemelex Xobeh
Okawaru
Qazlal
Ru
Sif Muna
Trog
Uskayaw
Vehumet
Wu Jian
Xom
Yredelemnul
Zin
The Shining One

Shops:
D:5 ?   D:8 *

Annotations:
D:11 1 runed translucent door, Gazog's ghost, journeyman MiHs


Innate Abilities, Weirdness & Mutations

You have a pair of horns on your head.
You reflexively headbutt those who attack you in melee.


Message History

The minotaur throws a javelin.
The javelin pierces through you.
There is a stone staircase leading up here.
You climb upwards.
The warg bites you!
* * * LOW HITPOINT WARNING * * *
The warg bites you!
* * * LOW HITPOINT WARNING * * *
The orc warlord roars a battlecry!
The orcs go into a battle-frenzy!
The warg closely misses you. You furiously retaliate!
You headbutt the warg. The warg barely misses you.
There is a stone staircase leading down, spattered with blood here.
As you read the scroll of butterflies, it crumbles to dust.
You hear the flapping of tiny wings.
The orc warlord is knocked back by the sudden gust.
The orc wizard is knocked back by the sudden gust.
The orc is knocked back by the sudden gust. x2
The warg is knocked back by the sudden gust.
The minotaur is knocked back by the sudden gust.
The warg is knocked back by the sudden gust.
The orc knight is knocked back by the sudden gust.
Something hits your butterfly!
Your butterfly dies!
Your butterfly disappears in a burst of colours!
The warg barely misses you. You furiously retaliate!
You headbutt the warg!
The orc knight barely misses your butterfly.
The warg misses your butterfly. The orc closely misses your butterfly.
The warg bites you.
* * * LOW HITPOINT WARNING * * *
The warg closely misses your butterfly. The orc knight barely misses you.
You climb downwards.
Your summoned allies are left behind.
Level annotation: 1 runed translucent door, Gazog's ghost, journeyman MiHs
There is a stone staircase leading up here.
You feel better. The warg bites you!
* * * LOW HITPOINT WARNING * * *
The orc knight closely misses you. You furiously retaliate!
You headbutt the orc knight, but do no damage.
You feel yourself speed up.
The orc knight hits you with a +0 dire flail!!
You die...
Your body crumbles into a pile of gold.

.....#### #####'####....~...#....
##'### #.....##...............
...# #.######......#....##.. ####
##.#####~.....###.####.. #######
#............#.....#.#.# ......#
#...e.........#.....#... ......#
#.....h....#.....>.....# ......#
#.....H.o.....#.....#...
......####......@~..#.##....###.~
......#..........#.....###.###...
......#.##.......#....#.....#.#..
........##.......#...............
......######.######~....#~..#....
####### ##.# ##............. #
#..# ###..........# # #.##
#.~...^.#.## # ###'########
###[~#..###


You could see a minotaur, an orc knight (strong), a deep elf knight and a warg.

Vanquished Creatures
  A stone giant (D:11)
  A merfolk impaler (D:11)
  A hydra (D:10)
  Erica (D:10)
  A centaur warrior (D:10)
  A tengu warrior (D:10)
  3 cyclopes
  An efreet (D:10)
  A rime drake (D:11)
  3 trolls
  2 polar bears (D:11)
  Sigmund (D:5)
  A wraith (D:9)
  8 yaks
  2 wyverns
  Grum (D:9)
  A steam dragon (D:8)
  2 water moccasins
  Duvessa (D:5)
  2 black bears
  A sky beast (D:7)
  3 ice beasts
  A swamp drake (D:10)
  2 orc warriors
  6 wolves
  5 ogres
  4 centaurs
  2 phantoms
  4 kobold brigands
  2 brain worms (Sewer)
  4 bullfrogs
  5 scorpions
  8 wights
  Dowan (D:5)
  10 killer bees
  4 howler monkeys
  A bombardier beetle (D:5)
  4 hounds
  3 orc priests
  2 jellies (D:5)
  Natasha (thrice) (D:4)
  4 sleepcaps
  6 iguanas
  7 orc wizards
  10 adders
  7 gnolls
  5 river rats
  5 white imps
  A dart slug (D:1)
  6 ribbon worms
  31 orcs
  10 ball pythons
  A bat (D:3)
  5 endoplasms
  2 giant cockroaches
  10 hobgoblins
  10 quokkas
  9 frilled lizards
  9 goblins
  20 kobolds
  27 rats
295 creatures vanquished.

Vanquished Creatures (others)
  An occultist (D:10)
  2 orcs (D:4)
3 creatures vanquished.

Grand Total: 298 creatures vanquished

Notes
Turn   | Place    | Note
-------+----------+-------------------------------------------
     0 | D:1      | Fodor the Minotaur Fighter began the quest for the Orb.
     0 | D:1      | Reached XP level 1. HP: 19/19 MP: 0/0
    54 | D:1      | Reached XP level 2. HP: 24/27 MP: 1/1
   401 | D:1      | Reached XP level 3. HP: 27/33 MP: 2/2
   596 | D:2      | Reached skill level 3 in Axes
   650 | D:2      | Reached XP level 4. HP: 39/40 MP: 3/3
  1097 | D:2      | Reached skill level 4 in Axes
  1213 | D:2      | Reached XP level 5. HP: 43/46 MP: 4/4
  1422 | D:3      | Found a hazy altar of Hepliaklqana.
  1810 | D:3      | Found a glowing drain.
  1814 | Sewer    | Entered a sewer
  1963 | Sewer    | Reached skill level 1 in Dodging
  1967 | Sewer    | Reached XP level 6. HP: 55/55 MP: 5/5
  1983 | Sewer    | Reached skill level 5 in Fighting
  2109 | Sewer    | Reached skill level 5 in Axes
  2129 | Sewer    | HP: 1/56 [brain worm/psychic fangs (12)]
  2134 | Sewer    | Reached skill level 5 in Armour
  2831 | D:4      | Found a staircase to the Ecumenical Temple.
  2848 | Temple   | Entered the Ecumenical Temple
  2923 | Temple   | Became a worshipper of Warmaster Okawaru
  3008 | D:4      | Noticed Natasha
  3014 | D:4      | Killed Natasha
  3094 | D:4      | Reached skill level 5 in Shields
  3094 | D:4      | Reached XP level 7. HP: 60/61 MP: 6/6
  3191 | D:4      | Reached skill level 6 in Axes
  3196 | D:4      | Found a sparkling altar of Nemelex Xobeh.
  3269 | D:4      | Noticed Natasha
  3280 | D:4      | Killed Natasha
  3287 | D:4      | Identified the +1 ring mail of Youthful Indiscretion {+Inv
                  | Will++ Int-4}
  3315 | D:4      | Noticed Natasha
  3317 | D:4      | Killed Natasha
  3353 | D:5      | Entered Level 5 of the Dungeon
  3362 | D:5      | Reached skill level 7 in Axes
  3375 | D:5      | Found Xiolon's Magic Scroll Emporium.
  3403 | D:5      | Noticed Sigmund
  3420 | D:5      | Found a broken altar of Ashenzari.
  3434 | D:5      | Killed Sigmund
  3434 | D:5      | Reached * piety under Okawaru
  3435 | D:5      | Reached skill level 8 in Axes
  3435 | D:5      | Reached XP level 8. HP: 57/70 MP: 7/7
  3494 | D:5      | Noticed Duvessa
  3501 | D:5      | Noticed Dowan
  3513 | D:5      | Killed Duvessa
  3527 | D:5      | Killed Dowan
  3720 | D:5      | Reached skill level 9 in Axes
  3840 | D:5      | Reached ** piety under Okawaru
  4438 | D:6      | Reached skill level 10 in Axes
  4460 | D:6      | Reached XP level 9. HP: 78/78 MP: 8/8
  4947 | D:6      | Found a shadowy altar of Dithmenos.
  5015 | D:7      | Found a basalt altar of Yredelemnul.
  5134 | D:7      | Reached skill level 11 in Axes
  5195 | D:7      | Found a sacrificial altar of Ru.
  5321 | D:7      | Reached *** piety under Okawaru
  5424 | D:7      | Found a glowing golden altar of the Shining One.
  5726 | D:8      | Found a snail-covered altar of Cheibriados.
  6048 | D:8      | Found Hiddom's General Store.
  6050 | D:8      | Reached skill level 12 in Axes
  6090 | D:8      | Bought a scroll of identify for 22 gold pieces
  6132 | D:8      | Reached XP level 10. HP: 86/86 MP: 9/9
  6532 | D:9      | Noticed Grum
  6541 | D:9      | Reached **** piety under Okawaru
  6544 | D:9      | Killed Grum
  6729 | D:9      | Reached skill level 13 in Axes
  6996 | D:9      | Found an ancient bone altar of Kikubaaqudgha.
  7129 | D:9      | Found an ornate altar of the Wu Jian Council.
  7315 | D:10     | Entered Level 10 of the Dungeon
  7514 | D:10     | Noticed a centaur warrior
  7517 | D:10     | Noticed an occultist
  7519 | D:10     | Killed a centaur warrior
  7519 | D:10     | Noticed a tengu warrior
  7520 | D:10     | Reached skill level 1 in Stealth
  7520 | D:10     | Killed an occultist
  7524 | D:10     | Noticed a cyclops
  7525 | D:10     | Killed a tengu warrior
  7526 | D:10     | Reached skill level 14 in Axes
  7531 | D:10     | Killed a cyclops
  7531 | D:10     | Reached ***** piety under Okawaru
  7602 | D:10     | Noticed a five-headed hydra
  7608 | D:10     | Killed an eight-headed hydra
  7608 | D:10     | Received a gift from Okawaru
  7609 | D:10     | Reached XP level 11. HP: 84/97 MP: 10/10
  7737 | D:10     | Noticed Erica
  7739 | D:10     | Killed Erica
  7755 | D:10     | Found an opulent altar of Gozag.
  7768 | D:10     | Fell from the grace of Okawaru
  7768 | D:10     | Became a worshipper of Gozag Ym Sagoz the Greedy
  7981 | D:10     | Found a shimmering blue altar of Sif Muna.
  8115 | D:10     | Found a blossoming altar of Fedhas.
  8317 | D:10     | Found a staircase to the Orcish Mines.
  8357 | D:10     | Upgraded the game from 0.32-a0-732-ga344392067 to
                  | 0.32-a0-747-gc8563f6773
  8597 | D:11     | Found a staircase to the Lair.
  8647 | D:11     | Noticed Gazog's ghost (journeyman MiHs)
  8647 | D:11     | Found a runed translucent door.
  9012 | D:11     | Reached skill level 15 in Axes
  9342 | D:11     | Noticed a stone giant
  9342 | D:11     | Noticed a merfolk impaler
  9342 | D:11     | Noticed a centaur warrior
  9355 | D:11     | Killed a merfolk impaler
  9356 | D:11     | HP: 4/97 [merfolk/+0 trident[the fury of Okawaru] (17)]
  9362 | D:11     | Killed a stone giant
  9398 | D:11     | Noticed a deep elf knight
  9398 | D:11     | Noticed a fire giant
  9398 | D:11     | Noticed a minotaur
  9460 | D:10     | Noticed an orc warlord
  9460 | D:10     | Noticed an orc knight
  9460 | D:10     | Noticed a minotaur
  9468 | D:11     | Demolished by an orc knight

Illustrated notes

Levels and vault maps discovered:
D:1:      amcnicky_arrival_blooded_trapdoor, layout_rooms
D:2:      layout_basic, minmay_rat_hole
D:3:      layout_loops_ring, old_standard_altar, gup_sewer_entry_spiral
D:4:      layout_basic, nemelex_diamond_rough_becter,
          minmay_temple_entry_drinking_statues, hex_tiny, lemuel_flame_loot_1,
          uniq_natasha
D:5:      layout_rooms, mainiacjoe_overflow_cross_hatched, serial_shops, shop,
          hellmonk_no_cap, uniq_duvessa, uniq_sigmund
D:6:      layout_loops_ring, mainiacjoe_overflow_chevrons
D:7:      layout_cave_pools, yredelemnul_altar_generic, tso_metal_star,
          lemuel_doored_altar, kennysheep_generic_room_4
D:8:      layout_basic, slow_altar_1, serial_shops, shop, grunt_decor_arrowhead
D:9:      layout_roguey, nicolae_overflow_hidden_temple,
          lemuel_coloured_pillars_altar, uniq_grum
D:10:     minmay_blocky_corners, layout_loops_cross,
          mainiacjoe_overflow_alcove_1, mainiacjoe_overflow_brackets,
          kennysheep_mini, erik_orc_1, uniq_erica
D:11:     layout_roguey, hellmonk_lair_entry_icy, gammafunk_ghost_grave,
          fedhas_altar_3
Temple:   nicolae_temple_bog_church

Skill      XL: |  1  2  3  4  5  6  7  8  9 10 11 |
---------------+----------------------------------+-----
Shields        | 4 5 6 7 8 9 |  9.5
Armour         | 4 5 6 7 8 9 |  9.8
Fighting       | 4 5 6 7 9 |  9.6
Axes           | 3 4 5 8 10 12 14 15 | 15.3
Dodging        | 1 2 3 4 |  4.2
Stealth        | 1 2 |  2.1
Evocations     | |  0.1

Action                     |  1- 3 |  4- 6 |  7- 9 | 10-12 || total
---------------------------+-------+-------+-------+-------++-------
  Melee: War axe           |    67 |   209 |    32 |       ||   308
         Headbutt          |     2 |    35 |    46 |    36 ||   119
         Broad axe         |       |       |   197 |   167 ||   364
  Evoke: Wand              |       |       |       |     1 ||     1
         Condenser vane    |       |       |       |     1 ||     1
    Use: Scroll            |       |    11 |     8 |    11 ||    30
         Potion            |       |     2 |       |     9 ||    11
   Stab: Distracted        |       |       |       |     2 ||     2
 Armour: Scale mail        |    75 |    29 |       |       ||   104
         Chain mail        |       |    95 |   123 |   192 ||   410
  Dodge: Dodged            |    28 |   128 |   160 |   195 ||   511
  Block: Buckler           |    23 |    54 |    84 |    81 ||   242

Table legend: (Time is in decaauts)
 A = Elapsed time spent in this place.
 B = Non-inter-level travel time spent in this place.
 C = Inter-level travel time spent in this place.
 D = Time resting spent in this place.
 E = Time spent auto-exploring this place.
 F = Levels seen in this place.
 G = Mean time per level.
                   A        B        C        D        E       F      G
               +--------+--------+--------+--------+--------+-----+--------+
         Total |   9765 |   9604 |    161 |     18 |   5894 |  13 |  751.2 |
       Dungeon |   8992 |   8831 |    161 |     18 |   5438 |  11 |  817.5 |
        Temple |     93 |     93 |      0 |      0 |      0 |   1 |   93.0 |
         Sewer |    679 |    679 |      0 |      0 |    455 |   1 |  679.0 |
               +--------+--------+--------+--------+--------+-----+--------+

Top non-repeatable levels by time:
    D:10: 1359 daAuts
     D:5: 876 daAuts
     D:9: 870 daAuts
     D:8: 869 daAuts
     D:2: 843 daAuts
    D:11: 802 daAuts
     D:6: 773 daAuts
     D:3: 754 daAuts
   Sewer: 679 daAuts
     D:7: 653 daAuts
     D:4: 648 daAuts
     D:1: 541 daAuts
  Temple: 93 daAuts
